Cogmind - Beta 15 @@@ ROGUE MODE // 2025.05.08 @ 22:56:54 Player: Terminus Result: Self-destructed Performance ------------- Evolutions (8) 4000 Regions Visited (28) 5600 Robots Destroyed (511) 2555 Value Destroyed (23119) 23119 Prototype IDs (221) 4420 Alien Tech Used (3) 600 Bonus (16458) 16458 TOTAL SCORE: 56752 Bonus ------- High Alert Combat Kills 1676 Follower Combat Kills 2542 Entered Garrisons 200 Network Hubs Disabled 200 Met Data Miner 300 Used Data Conduit 3000 Acquired ECA 300 Met Warlord at Base 500 MAIN.C Attacked Warlord 500 Warlord Defense Kills 2268 Built Enhanced Grunts 300 Met R17 at Cetus 500 Found Hidden Lab 3000 Met Warlord at Research 2000 Pursued by Intercept 1500 Friendly Fire -2328 Cogmind --------- Core Integrity 599/1450 Matter 300/300 Energy 280/280 System Corruption 8% Temperature Cool (0) Movement Walking (170) Ox1 Location -2/Research Parts ------- > --- POWER (3) -------- Light Quantum Reactor Light Quantum Reactor > --- PROPULSION (4) --- Enhanced Biometal Leg Enhanced Biometal Leg > --- UTILITY (10) ----- Huge Storage Unit Long-range Sensor Array High-powered Tractor Beam > --- WEAPON (6) ------- (None) > --- INVENTORY (25) --- Light Quantum Reactor Myomer Leg Biometal Leg Advanced Coolant Injector Experimental Energy Well (600) Matter Compressor (250) Experimental Matter Compressor (500) Improved Weapon Shielding Advanced Variable Charge Gun KE Penetrator KE Penetrator KE Penetrator KE Penetrator Linked Autogun Linked Autogun Helical Railgun Helical Railgun Peak State ------------ > --- POWER ------------ Quantum Reactor Vortex Chain Reactor > --- PROPULSION ------- Centrium Heavy Treads Advanced Heavy Siege Treads > --- UTILITY ---------- Power Amplifier Advanced Cooling System Huge Storage Unit Long-range Sensor Array Makeshift Salvage Targeting Computer Experimental Targeting Computer Heavy Regenerative Plating Improved Force Field Deep Network Scanner > --- WEAPON ----------- Railgun Railgun Railgun Railgun Railgun Advanced KE Penetrator > --- INVENTORY -------- Quantum Reactor Improved Quantum Reactor Armored Heavy Treads Advanced Coolant Injector Advanced Coolant Injector Experimental Energy Well Matter Compressor Experimental Matter Compressor Matter Filter Improved Weapon Shielding Improved Weapon Shielding Force Field High-powered Tractor Beam Thief Drone Bay Advanced Variable Charge Gun Potential Cannon Railgun Railgun Linked Autogun Linked Autogun Helical Railgun [Rating: 188] Favorites ----------- Power Quantum Reactor Engine Heavy Ion Engine Power Core Neutrino Core Reactor Quantum Reactor Propulsion Light Treads Treads Light Treads Leg Enhanced Biometal Leg Wheel Armored Wheel Utility Huge Storage Unit Device Seismic Detector Storage Huge Storage Unit Processor Core Analyzer Hackware Hacking Suite Protection Improved Light Armor Plating Weapon Railgun Energy Gun Advanced Variable Charge Gun Energy Cannon Neutron Cannon Ballistic Gun Railgun Ballistic Cannon Improved Light Cannon Launcher Rocket Launcher Impact Weapon Maul Slashing Weapon Makeshift Sword Piercing Weapon Makeshift Spear Build | -11 -10 -10 -9 -9 -8 -8 -8 -7 -7 -7 -7 -6 -6 -6 -6 -6 -6 -5 -5 -5 -5 -4 -4 -4 -4 -3 -3 -2 ------- Run | Yrd Mat Min Mat Min Mat Gar Mat Fac Low Low Dat Pro Fac Ext Cet Arc Hub Fac Upp Upp War Pro Fac Arm Lab Res Tes Res Slots Evolved 16 | . . . 2 . 2 . . 2 . . . . 2 . . . . 2 . . . . 2 . . 2 . 2 Power 2 | . . . . . . . . . . . . . . . . . . 1 . . . . . . . 1 . . Propulsion 2 | . . . . . . . . 1 . . . . 1 . . . . . . . . . . . . . . . Utility 8 | . . . 1 . 1 . . 1 . . . . 1 . . . . 1 . . . . 1 . . 1 . 1 Weapon 4 | . . . 1 . 1 . . . . . . . . . . . . . . . . . 1 . . . . 1 Parts Attached 216 | 6 15 4 22 2 25 11 4 17 4 1 4 2 4 9 7 9 5 8 . . 4 . 15 5 1 6 2 24 Power 23 | 1 3 . 2 . 1 . . . 1 . . . . 2 . 1 . 1 . . 1 . 1 . . 2 . 7 Engine 9 | 1 2 . 2 . 1 . . . 1 . . . . 2 . . . . . . . . . . . . . . Core 3 | . 1 . . . . . . . . . . . . . . 1 . . . . 1 . . . . . . . Reactor 11 | . . . . . . . . . . . . . . . . . . 1 . . . . 1 . . 2 . 7 Propulsion 49 | 2 4 1 6 1 7 5 2 3 1 . 1 1 1 4 3 2 . 1 . . . . . 1 . . . 3 Treads 41 | 2 4 1 6 1 6 2 2 3 1 . 1 1 . 3 3 2 . 1 . . . . . 1 . . . 1 Leg 2 | . . . . . . . . . . . . . . . . . . . . . . . . . . . . 2 Wheel 6 | . . . . . 1 3 . . . . . . 1 1 . . . . . . . . . . . . . . Hover . | . . . . . . . . . . . . . . . . . . . . . . . . . . . . . Flight . | . . . . . . . . . . . . . . . . . . . . . . . . . . . . . Utility 73 | 1 3 2 6 1 8 2 1 8 1 . 1 1 2 1 3 5 3 3 . . 3 . 4 4 1 3 . 6 Device 31 | . . . 1 1 4 . . 5 . . . . . . . 4 1 2 . . 2 . 2 4 . 2 . 3 Storage 7 | 1 2 . 2 . 1 . . . . . . . . . . . . . . . . . . . . . . 1 Processor 6 | . . . . . . 1 . 1 . . . . . . 1 . 1 . . . . . 1 . . . . 1 Hackware 8 | . . . . . 1 . . . . . . 1 2 . . 1 1 . . . 1 . . . . 1 . . Protection 21 | . 1 2 3 . 2 1 1 2 1 . 1 . . 1 2 . . 1 . . . . 1 . 1 . . 1 Artifact . | . . . . . . . . . . . . . . . . . . . . . . . . . . . . . Weapon 71 | 2 5 1 8 . 9 4 1 6 1 1 2 . 1 2 1 1 2 3 . . . . 10 . . 1 2 8 Energy Gun 3 | 1 1 . . . . . . . . . . . . . . . . 1 . . . . . . . . . . Energy Cannon 2 | . . . . . . . . . . . . . 1 . . . . . . . . . . . . . 1 . Ballistic Gun 57 | 1 . . 8 . 8 4 1 6 . . 2 . . 2 1 1 2 1 . . . . 10 . . 1 1 8 Ballistic Cannon 4 | . 4 . . . . . . . . . . . . . . . . . . . . . . . . . . . Launcher 2 | . . 1 . . . . . . . . . . . . . . . 1 . . . . . . . . . . Special Weapon . | . . . . . . . . . . . . . . . . . . . . . . . . . . . . . Impact Weapon 1 | . . . . . 1 . . . . . . . . . . . . . . . . . . . . . . . Slashing Weapon 1 | . . . . . . . . . 1 . . . . . . . . . . . . . . . . . . . Piercing Weapon 1 | . . . . . . . . . . 1 . . . . . . . . . . . . . . . . . . Special Melee Weapon . | . . . . . . . . . . . . . . . . . . . . . . . . . . . . . Unidentified Prototypes 16 | . 1 . 2 1 1 . . 1 . . . . 2 . . . . . . . 2 . . . 3 . 2 1 Corrupted Parts 4 | . . . . . . . . . . . . . . . 1 3 . . . . . . . . . . . . System Corruption 17 | . . . . . . . . . . . . . . . 3 14 . . . . . . . . . . . . Parts Lost 69 | . 3 . . . 1 3 . 6 1 . 6 . 1 4 1 1 1 2 . . . . 1 2 . . . 36 Power 9 | . 2 . . . . . . 1 1 . . . . . . . . . . . . . . . . . . 5 Propulsion 7 | . 1 . . . . . . . . . 2 . . 1 . . . . . . . . . . . . . 3 Utility 28 | . . . . . 1 2 . 3 . . 1 . 1 . 1 1 . 1 . . . . 1 2 . . . 14 Weapon 25 | . . . . . . 1 . 2 . . 3 . . 3 . . 1 1 . . . . . . . . . 14 Highest Loss Streak 17 | . 1 . . . 1 1 . 4 1 . 2 . 1 2 1 1 1 1 . . . . 1 1 . . . 17 To Critical Strikes . | . . . . . . . . . . . . . . . . . . . . . . . . . . . . . Average Backups 21 | . 9 15 19 24 24 24 24 24 23 24 23 23 21 23 22 22 22 22 22 22 21 21 21 21 21 21 21 18 Power . | . . 1 . 1 1 1 1 . . . . 1 1 1 1 1 1 . 1 1 1 1 1 2 2 . . 1 Propulsion 2 | . . 2 3 3 3 3 3 3 3 2 1 . . 1 1 2 2 2 2 2 2 2 1 2 2 1 1 . Utility 10 | . 3 6 8 9 9 9 12 12 12 12 13 16 14 13 13 13 13 13 13 13 12 12 10 9 9 10 11 9 Weapon 7 | . 4 6 7 10 11 10 8 6 7 8 6 6 6 6 6 6 6 6 6 6 5 6 6 8 8 8 7 6 Tool/Special . | . . . . . . . . . . . . . . . . . . . . . . . . . . . . . Unused Backups 66 | . 8 . 5 . 6 2 3 2 . . . 1 . 2 6 . . 3 1 . 4 . 4 2 1 2 3 11 Power 6 | . 1 . . . 1 . . . . . . . . 1 1 . . . . . . . 1 . . . . 1 Propulsion 7 | . 1 . 1 . 1 . . . . . . . . 1 1 . . . . . . . . . . . . 2 Utility 28 | . 3 . 2 . 1 . . . . . . . . . 4 . . 3 1 . 3 . 3 1 1 1 1 4 Weapon 24 | . 3 . 2 . 3 2 3 2 . . . . . . . . . . . . 1 . . 1 . 1 2 4 Tool/Special 1 | . . . . . . . . . . . . 1 . . . . . . . . . . . . . . . . Average Slot Usage (%) 94 | . 98 99 99 100 99 99 99 99 99 100 99 100 99 99 92 85 86 87 88 88 87 88 88 88 83 84 79 79 Engine 6 | . 13 14 11 11 9 9 9 6 6 7 7 7 6 6 6 5 . . . . . . . . . . . . Reactor 2 | . . . . . . . . . . . . . . . . . . 5 5 5 5 5 7 10 10 13 9 7 Treads 14 | . 28 28 22 22 13 10 10 15 15 15 15 15 18 13 8 13 13 11 11 11 11 11 9 10 10 9 9 6 Wheel 3 | . . . . . 4 7 7 7 7 7 7 7 7 12 10 . . . . . . . . . . . . . Device 9 | . . . 11 11 9 3 . 11 14 9 7 7 6 6 11 15 6 10 11 11 11 11 12 15 15 14 14 17 Storage 7 | . 14 14 11 11 9 9 9 7 7 7 7 7 6 6 6 6 6 5 5 5 5 5 5 5 5 4 4 4 Processor 6 | . . . . . . 6 9 4 7 7 7 7 6 6 8 13 13 11 11 11 11 11 14 11 10 9 9 7 Hackware 5 | . . . . . 8 9 9 7 7 7 7 7 12 13 4 . 5 5 5 5 5 5 2 . . 3 4 3 Protection 7 | . 13 13 11 11 8 8 9 5 . 5 7 7 5 5 6 3 6 5 5 5 4 5 5 7 5 4 4 3 Ballistic Gun 26 | . 5 . 32 33 35 35 35 28 28 28 28 30 20 25 26 26 26 22 23 23 22 23 25 25 23 22 21 24 Ballistic Cannon 1 | . 17 27 . . . . . . . . . . . . . . . . . . . . . . . . . . Peak Build Rating 188 | 6 13 13 22 27 37 39 39 48 52 52 53 53 70 70 92 95 112 130 123 123 128 128 147 153 154 173 178 188 Average Rating 70 | 5 9 12 19 22 32 36 37 42 47 48 48 50 67 63 72 91 102 125 120 120 122 125 135 149 147 168 172 173 On Entrance 78 | . 6 13 13 22 23 36 38 39 48 48 49 53 51 65 64 92 95 112 123 120 120 128 125 140 150 152 173 172 Naked Turns . | . . . . . . . . . . . . . . . . . . . . . . . . . . . . . Heaviest Build 209 | 13 37 39 102 104 122 108 111 114 117 122 120 120 127 118 122 125 124 152 150 150 151 150 165 177 184 202 200 209 Greatest Support 160 | 40 40 40 40 40 40 40 40 40 12 12 12 12 22 40 160 160 160 160 155 155 155 155 155 160 160 160 160 160 Greatest Overweight (x) 10 | . 1 . 2 2 8 8 9 9 9 10 9 9 10 5 6 1 . . . . 1 . 1 1 1 1 1 2 Average Overweight (x) 3 | . . . 1 2 5 7 8 8 9 9 9 9 8 4 3 . . . . . . . . 1 1 1 1 1 Largest Inventory Capacity 25 | 8 15 15 25 25 25 25 25 25 25 25 25 25 25 25 25 25 25 25 25 25 25 25 25 25 25 25 25 25 Average Capacity 23 | 7 11 15 20 25 25 25 25 25 25 25 25 25 25 25 25 25 25 25 25 25 25 25 25 25 25 25 25 25 Most Carried 25 | 1 15 15 24 25 25 25 25 25 25 25 25 25 24 25 25 25 25 25 25 25 25 25 25 25 25 25 25 25 Average Carried 23 | . 10 15 19 24 24 24 24 24 24 24 24 24 22 24 24 24 24 24 24 24 24 24 24 24 24 24 24 21 Final Capacity 25 | 8 15 15 25 25 25 25 25 25 25 25 25 25 25 25 25 25 25 25 25 25 25 25 25 25 25 25 25 25 Final Carried 25 | 1 15 15 24 25 25 25 25 25 25 25 25 25 24 24 25 25 25 25 25 25 25 25 25 25 25 25 25 19 Class Distribution -------------------- 36% | Scavenger-Tank 24% | Scavenger-Gunner 23% | Tank 7% | Mutant Dominant Class ---------------- Mutant | -10/Materials Mutant | -10/Mines Tank | -9/Materials Tank | -9/Mines Tank | -8/Materials Scavenger-Gunner | -8/Garrison Scavenger-Gunner | -8/Materials Scavenger-Gunner | -7/Factory Scavenger-Gunner | -7/Lower Caves Scavenger-Gunner | -7/Lower Caves Scavenger-Gunner | -7/Data Miner Scavenger-Gunner | -6/Proximity Caves Scavenger-Gunner | -6/Factory Scavenger-Gunner | -6/Extension Scavenger-Tank | -6/Cetus Scavenger-Tank | -6/Archives Scavenger-Tank | -6/Hub_04(d) Scavenger-Tank | -5/Factory Scavenger-Tank | -5/Upper Caves Scavenger-Tank | -5/Upper Caves Scavenger-Tank | -5/Warlord Scavenger-Tank | -4/Proximity Caves Scavenger-Tank | -4/Factory Scavenger-Tank | -4/Armory Scavenger-Tank | -4/Lab Scavenger-Tank | -3/Research Scavenger-Tank | -3/Testing Scavenger-Executioner | -2/Research Resources | -11 -10 -10 -9 -9 -8 -8 -8 -7 -7 -7 -7 -6 -6 -6 -6 -6 -6 -5 -5 -5 -5 -4 -4 -4 -4 -3 -3 -2 ----------- Run | Yrd Mat Min Mat Min Mat Gar Mat Fac Low Low Dat Pro Fac Ext Cet Arc Hub Fac Upp Upp War Pro Fac Arm Lab Res Tes Res Matter Collected 23561 | 232 772 277 911 90 2379 1624 1232 1823 669 361 398 155 335 863 450 380 781 1164 244 188 571 428 1464 1811 . 834 1666 1459 Remotely 8425 | . . . . . 429 568 . 625 123 137 . . . . . . 497 797 . 93 . 103 1155 1009 . 554 1137 1198 Salvage Created 27070 | 3 963 462 1477 68 3238 971 1601 1661 608 340 398 191 428 1508 511 259 1107 1272 92 75 1036 136 1496 1519 . 885 1999 2766 Parts 1438 | 3 68 36 77 4 168 33 82 95 28 17 17 9 28 63 22 19 47 79 3 8 33 10 86 96 . 72 103 132 Haulers Intercepted 23 | . 2 . 4 . 6 . 6 2 . . . . . 1 . . . 1 . . . . . . . . . 1 Recyclers Shooed 8 | . . . 1 . 3 . 1 2 . . . . . 1 . . . . . . . . . . . . . . Parts Field Recycled . | . . . . . . . . . . . . . . . . . . . . . . . . . . . . . Retrieved Matter . | . . . . . . . . . . . . . . . . . . . . . . . . . . . . . Parts Self-Destructed 72 | . . . . . . . . . 27 16 . 8 . . . . . . 3 8 . 10 . . . . . . Prevented 2 | . . . . . . . . . . . . . . . . . . . 2 . . . . . . . . . Kills | -11 -10 -10 -9 -9 -8 -8 -8 -7 -7 -7 -7 -6 -6 -6 -6 -6 -6 -5 -5 -5 -5 -4 -4 -4 -4 -3 -3 -2 ------- Run | Yrd Mat Min Mat Min Mat Gar Mat Fac Low Low Dat Pro Fac Ext Cet Arc Hub Fac Upp Upp War Pro Fac Arm Lab Res Tes Res Combat Hostiles Destroyed 404 | . 22 15 23 2 46 31 21 20 10 7 4 3 6 16 5 1 11 18 2 1 18 7 18 22 . 11 24 40 Guns 366 | . 15 . 20 2 46 29 21 20 10 7 4 3 5 16 5 1 11 18 2 1 18 7 18 22 . 11 24 30 Cannons 20 | . 7 9 . . . . . . . . . . 1 . . . . . . . . . . . . . . 3 AOE 18 | . . 6 3 . . 2 . . . . . . . . . . . . . . . . . . . . . 7 Classes Destroyed 25 | 1 8 1 1 1 2 2 1 . 2 . . . . . . . 2 . . . 1 1 . . . . . 2 Worker 18 | . 1 . 2 . 8 . 3 4 . . . . . . . . . . . . . . . . . . . . Builder 13 | . 1 . 2 . 2 . 2 . . . . . . 2 . . 1 3 . . . . . . . . . . Tunneler 7 | 1 . . 1 . 2 . 1 1 . . . . 1 . . . . . . . . . . . . . . . Hauler 23 | . 2 . 4 . 6 . 6 2 . . . . . 1 . . . 1 . . . . . . . . . 1 Recycler 27 | . 1 3 4 . 8 . 1 5 . . . . . 2 . . 2 1 . . . . . . . . . . Mechanic 2 | . . . . . . . 1 . . . . . 1 . . . . . . . . . . . . . . . Operator 9 | . 1 . . . 1 . . 1 . . . . . . . 5 . . . . . . . 1 . . . . Drone 2 | . . . . . . . . . . . . . . . . . . . . . . 2 . . . . . . Watcher 20 | . 3 . 3 . 4 . 2 3 . . . . 1 1 . . 1 . . . . . . 1 . . . 1 Swarmer 58 | . 3 11 4 . 9 . 3 . 1 2 . . . 3 . . . 3 . . . 5 . 5 . . . 9 Grunt 163 | . 19 2 10 1 23 5 11 9 7 4 . 2 3 9 . . 4 7 2 . 5 . 6 8 . . 18 8 Brawler 8 | . . . 2 . . . 1 1 . . . . . . . . . . . . 4 . . . . . . . Duelist 9 | . . . . 1 1 . . 2 . . . . 1 1 . . . . . . 2 . . 1 . . . . Protector 3 | . . . . . . . . . . . . . . . . . 1 . . . 2 . . . . . . . Sentry 39 | . . 2 7 . 8 1 6 2 1 1 . 1 . 2 . 1 . . . . . . 4 . . 1 1 1 Demolisher 1 | . . . . . . . . . . . . . . . . . . . . . . . . . . . . 1 Specialist 4 | . . . . . 4 . . . . . . . . . . . . . . . . . . . . . . . Hunter 17 | . . . . . 1 1 1 1 . . . . . . . . 1 . . . 1 . 2 2 . . . 7 Programmer 40 | . . . . . . 3 . 5 . . . . 2 . . . . 6 . . 2 . 4 6 . 6 5 1 Heavy 3 | . . . . . . . . . . . . . . . . . 2 1 . . . . . . . . . . Behemoth 4 | . . . . . . . . . 1 . . . . 1 . . . . . 1 1 . . . . . . . Cetus Guard 5 | . . . . . . . . . . . . . . . 5 . . . . . . . . . . . . . Enhanced Grunt 4 | . . . . . . . . . . . 4 . . . . . . . . . . . . . . . . . Lightning 3 | . . . . . . . . . . . . . . . . . 3 . . . . . . . . . . . Tracker 4 | . . . . . . . . . . . . . . . . . . 1 . . . . 1 . . 2 . . Combat Programmer 3 | . . . . . . . . . . . . . . . . . . . . . . . 1 . . 2 . . Striker 8 | . . . . . . . . . . . . . . . . . . . . . 1 . . . . . . 7 Executioner 5 | . . . . . . . . . . . . . . . . . . . . . . . . . . . . 5 Decomposer 1 | . . . . . . . . . . 1 . . . . . . . . . . . . . . . . . . Samaritan 1 | . . . . . . . . . 1 . . . . . . . . . . . . . . . . . . . Assembled 21 | . . . . . . 21 . . . . . . . . . . . . . . . . . . . . . . Wasp 1 | . . . . . . . . . . . . . . . . . . . . . . . . . . . . 1 Thug 1 | . . . . . . . . . . . . . . 1 . . . . . . . . . . . . . . Savage 2 | . . . . . . . . . . . . . . 1 1 . . . . . . . . . . . . . Guerrilla 2 | . . . . . . . . . . . . . . 1 . . 1 . . . . . . . . . . . Best Kill Streak 19 | 1 6 7 5 2 8 6 3 7 5 7 1 3 3 6 4 2 7 9 1 1 6 4 6 7 . 4 6 19 Combat Bots Only 19 | . 4 6 4 2 7 6 3 4 5 7 1 3 3 5 4 1 4 6 1 1 6 4 6 7 . 4 6 19 Max Kills in Single Turn 6 | 1 1 3 2 1 2 2 2 2 1 2 1 2 1 2 2 1 2 3 1 1 2 3 2 2 . 1 2 6 Gunslinging 2 | . . . . . 1 1 1 . . 1 . 1 . . . . 1 1 . . . 2 . 1 . . 1 2 Exploded 5 | . . 3 2 . . 1 . . . . . . . . . . . . . . . . . . . . . 5 Melee . | . . . . . . . . . . . . . . . . . . . . . . . . . . . . . Uniques/NPCs Destroyed 3 | . . . . . . . . . . . 1 . . . 2 . . . . . . . . . . . . . Data Miner (-7/Data Miner) A7 (-6/Cetus) Revision 17 (-6/Cetus) Combat | -11 -10 -10 -9 -9 -8 -8 -8 -7 -7 -7 -7 -6 -6 -6 -6 -6 -6 -5 -5 -5 -5 -4 -4 -4 -4 -3 -3 -2 -------- Run | Yrd Mat Min Mat Min Mat Gar Mat Fac Low Low Dat Pro Fac Ext Cet Arc Hub Fac Upp Upp War Pro Fac Arm Lab Res Tes Res Hostile Shots Fired 1941 | . 110 39 43 8 132 62 43 156 44 27 24 4 19 125 3 . 61 70 . 33 14 7 128 100 . 86 153 450 Missed 425 | . 31 9 7 3 37 12 17 33 15 7 3 . 5 33 1 . 9 17 . 11 2 . 33 24 . 13 28 75 Hits 1516 | . 79 30 36 5 95 50 26 123 29 20 21 4 14 92 2 . 52 53 . 22 12 7 95 76 . 73 125 375 Melee 29 | . . . . 4 . 6 . 9 . . . . 1 . . . . . . . 4 . . 1 . . . 4 Projectile 1487 | . 79 30 36 1 95 44 26 114 29 20 21 4 13 92 2 . 52 53 . 22 8 7 95 75 . 73 125 371 AOE 5 | . . . . . . . . 1 . . . . . . . . . . . . . . . 2 . . . 2 Critical Strikes 65 | . . . 1 . 4 . . 4 1 1 . 2 . 3 1 . 4 3 . . 2 . 6 4 . 7 6 16 Part Disruptions 7 | . . . . . . 1 . . . . 1 . . . . 1 . . . . 1 . . . . 2 1 . Damage Taken 24446 | . 907 305 337 102 1048 575 417 1319 372 279 997 76 214 903 56 56 1567 1000 . 220 465 50 1138 637 . 811 1358 9237 Core 2145 | . 126 33 54 24 104 68 65 108 25 26 190 . . 35 . . 18 126 . . 33 6 104 22 . 23 104 851 Absorbed by Shields 7182 | . . . 130 38 367 157 . 363 133 96 . . 60 230 20 20 . 562 . 178 200 52 659 674 . 846 1399 998 Reduced by Siege Mode 1715 | . . . . . . . . . . . . . . . . . 223 79 . 41 . . 174 36 . 99 88 975 Redirected to Shielding 142 | . 24 . . . . . . . . . . . . . . . . . . . . . . . . . . 118 Regen/Repaired (Parts) 2604 | . . . 46 . 59 . 123 . . . . . . . . . . . . . 290 . 786 . . 253 478 569 Core Remaining (%) 75 | 100 . 36 . 80 . . 56 . . . . 50 . . . . 93 . . . . 83 . . 100 . 83 . Volleys Fired 1149 | 3 77 24 55 5 121 82 63 71 22 10 18 3 34 40 17 16 44 53 13 19 26 34 50 52 12 39 81 65 Largest 6 | 2 2 2 3 3 4 4 4 4 4 4 4 4 4 4 4 4 4 4 4 4 4 4 5 5 1 5 5 6 Hottest 240 | 60 66 66 69 69 100 109 100 109 109 109 109 109 171 109 102 107 133 185 131 131 240 131 175 175 80 175 240 240 Shots Fired 3814 | 6 152 43 161 15 474 259 245 282 88 39 71 12 69 154 68 57 119 162 32 38 101 58 189 232 12 144 245 287 Gun 3701 | 6 118 . 159 15 474 255 244 282 88 39 71 12 46 154 68 57 119 160 32 38 101 58 189 232 12 144 245 283 Cannon 99 | . 34 38 . . . . . . . . . . 23 . . . . . . . . . . . . . . 4 Launcher 14 | . . 5 2 . . 4 1 . . . . . . . . . . 2 . . . . . . . . . . Special . | . . . . . . . . . . . . . . . . . . . . . . . . . . . . . Kinetic 3612 | 3 93 38 159 15 474 255 244 282 88 39 71 12 46 154 68 57 119 144 32 38 100 58 189 225 . 131 206 272 Thermal 188 | 3 59 . . . . . . . . . . . 23 . . . . 16 . . 1 . . 7 12 13 39 15 Explosive 14 | . . 5 2 . . 4 1 . . . . . . . . . . 2 . . . . . . . . . . Electromagnetic . | . . . . . . . . . . . . . . . . . . . . . . . . . . . . . Robot Hit Streak 62 | 4 12 11 14 9 15 27 36 28 25 13 18 6 15 16 17 11 24 16 6 28 33 10 43 32 . 22 62 61 Robot Miss Streak 9 | 1 3 3 7 2 6 9 3 5 3 2 1 1 2 3 4 4 3 2 1 . 2 4 5 2 . 3 3 2 Penetration Max 2 | . . . . . . . . . . . . 1 . 1 1 1 1 1 . . 1 . 1 1 . 1 1 2 Secondary Targets 88 | . 1 . 3 . 6 8 1 5 3 4 . 1 1 2 1 . 4 5 . . 7 2 5 8 . 1 7 13 Max Gunslinging Chain 2 | . 1 . 1 . 1 1 1 1 1 1 . 1 1 1 1 . 1 1 . . 1 2 1 2 . 1 1 2 Shots Hit Robots 2353 | 4 102 24 111 13 256 125 146 185 63 27 60 10 36 101 48 37 79 99 6 22 80 13 120 125 . 106 157 198 Core Hits 1113 | . 51 21 74 6 130 76 60 67 28 15 27 7 18 54 21 17 38 43 3 5 46 7 56 62 . 31 65 85 Critical Kills 31 | . . . . . 2 1 . . . . . . . 1 1 2 3 3 . . 8 . 3 1 . 1 2 3 Critical Parts Destroyed 46 | . . . 1 . 2 . 1 1 . . . . . 4 1 2 5 3 . . 5 . 4 7 . 1 6 3 Critical Strikes 88 | . 1 3 1 . 4 1 1 1 . . 1 1 . 5 2 4 8 6 . . 16 . 8 9 . 2 8 6 Destroy 82 | . . . 1 . 3 1 1 1 . . . 1 . 5 2 4 8 6 . . 16 . 8 9 . 2 8 6 Blast 4 | . 1 3 . . . . . . . . . . . . . . . . . . . . . . . . . . Smash 1 | . . . . . 1 . . . . . . . . . . . . . . . . . . . . . . . Impale 1 | . . . . . . . . . . . 1 . . . . . . . . . . . . . . . . . Melee Attacks 50 | . . . . . 6 1 . 15 2 6 16 . 4 . . . . . . . . . . . . . . . Impact 22 | . . . . . 6 1 . 15 . . . . . . . . . . . . . . . . . . . . Slashing 2 | . . . . . . . . . 2 . . . . . . . . . . . . . . . . . . . Piercing 26 | . . . . . . . . . . 6 16 . 4 . . . . . . . . . . . . . . . Sneak Attacks 4 | . . . . . 2 . . . . 1 1 . . . . . . . . . . . . . . . . . Combat Hostiles . | . . . . . . . . . . . . . . . . . . . . . . . . . . . . . Follow-up Attacks . | . . . . . . . . . . . . . . . . . . . . . . . . . . . . . Damage Inflicted 57060 | 65 1518 826 1924 223 4484 2125 2730 3587 1277 586 1201 208 843 1974 981 874 2248 3209 148 570 2809 323 3013 3980 . 3162 4701 7471 Guns 52877 | 49 998 . 1734 198 4340 1957 2726 3585 1277 519 1128 208 715 1974 981 874 2233 3209 148 570 2802 323 3013 3894 . 3162 4701 5559 Cannons 1825 | . 498 524 . . . . . . . . . . 128 . . . . . . . . . . . . . . 675 Explosions 1970 | . . 302 162 . . 168 . . . . . . . . . . 15 . . . . . . 86 . . . 1237 Melee 277 | . . . . . 137 . . . . 67 73 . . . . . . . . . . . . . . . . . Ramming 111 | 16 22 . 28 25 7 . 4 2 . . . . . . . . . . . . 7 . . . . . . . Kinetic 53364 | 27 1006 524 1734 198 4340 1957 2726 3585 1277 519 1128 208 715 1974 981 874 2233 3186 148 570 2802 323 3013 3894 . 3162 4701 5559 Thermal 2575 | 22 490 . . . . . . . . . . . 128 . . . . 23 . . . . . . . . . 1912 Explosive 718 | . . 302 162 . . 168 . . . . . . . . . . . . . . . . . 86 . . . . Electromagnetic 15 | . . . . . . . . . . . . . . . . . 15 . . . . . . . . . . . Impact 137 | . . . . . 137 . . . . . . . . . . . . . . . . . . . . . . . Slashing . | . . . . . . . . . . . . . . . . . . . . . . . . . . . . . Piercing 140 | . . . . . . . . . . 67 73 . . . . . . . . . . . . . . . . . Highest Corruption 14 | . . . . . 2 2 7 9 9 9 9 9 . . 3 12 4 3 3 3 3 . 1 5 . 7 14 8 Average Corruption 4 | . . . . . 2 2 4 6 9 9 9 9 . . 3 4 3 1 3 3 3 . 1 2 . 3 8 8 Corruption Purged 22 | . . . . . . . . . . . . . . . . 17 . . . . . . . 5 . . . . Corruption Blocked . | . . . . . . . . . . . . . . . . . . . . . . . . . . . . . Effects 383 | . . . . . 26 26 48 46 41 43 20 19 . . 1 6 1 14 13 8 2 . 1 22 . 11 34 1 Message Errors 102 | . . . . . 8 6 15 9 8 9 5 12 . . . 3 . 4 3 3 . . . 4 . 3 10 . Matter Fused 87 | . . . . . 3 8 10 12 11 14 2 3 . . . . . 1 2 1 1 . . 9 . 2 7 1 Heat Flow Errors 37 | . . . . . 3 4 7 5 3 3 3 . . . . 1 . . 2 . . . . 1 . 2 3 . Energy Discharges 40 | . . . . . 3 2 1 5 7 6 3 2 . . . 1 . 3 . 1 1 . . 2 . . 3 . Parts Rejected 4 | . . . . . . 1 . . . . 2 . . . . . . . . . . . . . . . 1 . Parts Fused 6 | . . . . . . 1 . 1 1 . . . . . . . . 1 . . . . . 1 . . 1 . Data Loss (minor) 45 | . . . . . 1 1 6 6 8 5 3 2 . . . 1 1 1 3 2 . . 1 2 . 1 1 . Data Loss (major) 9 | . . . . . 1 . 1 1 . 1 . . . . 1 . . . . . . . . 1 . 1 2 . Misfires 16 | . . . . . . 2 2 1 1 2 . . . . . . . 1 2 1 . . . 1 . 1 2 . Alerts 13 | . . . . . 3 1 . 3 1 2 1 . . . . . . . 1 . . . . . . 1 . . Weapon Failures 24 | . . . . . 4 . 6 3 1 1 1 . . . . . . 3 . . . . . 1 . . 4 . Overload Shots 7 | . . . . . . . . . . . . . . . . . . . . . 1 . . . . . 3 3 Effects 1 | . . . . . . . . . . . . . . . . . . . . . . . . . . . 1 . Energy Bleed 1 | . . . . . . . . . . . . . . . . . . . . . . . . . . . 1 . Overflow Damage 213 | . . . 26 . 81 . . . . . 86 . . . . . . . . . . . . . . . . 20 Projectiles . | . . . . . . . . . . . . . . . . . . . . . . . . . . . . . Explosions 46 | . . . 26 . . . . . . . . . . . . . . . . . . . . . . . . 20 Melee 167 | . . . . . 81 . . . . . 86 . . . . . . . . . . . . . . . . . Knockbacks 6 | . 4 2 . . . . . . . . . . . . . . . . . . . . . . . . . . Impact . | . . . . . . . . . . . . . . . . . . . . . . . . . . . . . Kinetic 6 | . 4 2 . . . . . . . . . . . . . . . . . . . . . . . . . . Secondary . | . . . . . . . . . . . . . . . . . . . . . . . . . . . . . Self-Inflicted Damage 216 | . . . . . . . . . . . . . . . . . 69 . . . . . . . . . . 147 Shots 3 | . . . . . . . . . . . . . . . . . 1 . . . . . . . . . . 2 Rammed 27 | 4 7 . 7 3 2 . 1 1 . . . . . . . . . . . . 1 . . . . . 1 . Targets Rammed 29 | 5 8 . 7 3 2 . 1 1 . . . . . . . . . . . . 1 . . . . . 1 . Kicked . | . . . . . . . . . . . . . . . . . . . . . . . . . . . . . Crushed 2 | 1 1 . . . . . . . . . . . . . . . . . . . . . . . . . . . Highest Temperature 490 | . 72 72 56 36 363 335 375 340 316 324 280 17 222 259 230 130 267 200 223 8 320 138 143 136 . 189 204 490 Average Temperature 71 | . 25 28 10 17 75 109 92 78 96 133 134 13 58 71 76 35 93 64 61 3 103 42 31 17 . 67 47 93 Received Heat Transfer 3181 | . 423 54 110 4 378 132 162 221 120 82 . 72 36 266 . . 81 54 . 24 4 . 244 53 . . 212 449 Effects 11 | . . . . . 4 . 1 . . 2 . . . . . . . . . . 3 . . . . . . 1 Shutdowns 2 | . . . . . 1 . . . . . . . . . . . . . . . . . . . . . . 1 Energy Bleed 1 | . . . . . . . 1 . . . . . . . . . . . . . . . . . . . . . Interference 8 | . . . . . 3 . . . . 2 . . . . . . . . . . 3 . . . . . . . Siege Activations 38 | . . . . . . . . . . . . . . . . . 1 6 . 1 . 1 8 5 . 2 6 8 Total Turns 1019 | . . . . . . . . . . . . . . . . . 75 201 . 22 . 3 189 65 . 164 189 111 Longest Duration 150 | . . . . . . . . . . . . . . . . . 75 55 . 22 . 3 47 21 . 150 104 39 Martial Activations . | . . . . . . . . . . . . . . . . . . . . . . . . . . . . . Shielding Activations . | . . . . . . . . . . . . . . . . . . . . . . . . . . . . . Robots Disrupted . | . . . . . . . . . . . . . . . . . . . . . . . . . . . . . Combat Hostiles . | . . . . . . . . . . . . . . . . . . . . . . . . . . . . . Robots Corrupted 1 | . . . . . 1 . . . . . . . . . . . . . . . . . . . . . . . Combat Hostiles . | . . . . . . . . . . . . . . . . . . . . . . . . . . . . . Parts Fried 3 | . . . . . 2 . . . . . . . . . 1 . . . . . . . . . . . . . Impact Corruptions 1 | . . . . . 1 . . . . . . . . . . . . . . . . . . . . . . . Robots Melted . | . . . . . . . . . . . . . . . . . . . . . . . . . . . . . Combat Hostiles . | . . . . . . . . . . . . . . . . . . . . . . . . . . . . . Parts Melted 4 | . 1 . . . . 1 . . . . . . . . 1 . . . . . . . . . . . . 1 Heat Transferred 2667 | 50 1100 . . . . . . . . . . . . . . . . 37 . . . . . . . . . 1480 Parts Sabotaged . | . . . . . . . . . . . . . . . . . . . . . . . . . . . . . Parts Stolen . | . . . . . . . . . . . . . . . . . . . . . . . . . . . . . Parts Stripped . | . . . . . . . . . . . . . . . . . . . . . . . . . . . . . Power Chain Reactions . | . . . . . . . . . . . . . . . . . . . . . . . . . . . . . Alert | -11 -10 -10 -9 -9 -8 -8 -8 -7 -7 -7 -7 -6 -6 -6 -6 -6 -6 -5 -5 -5 -5 -4 -4 -4 -4 -3 -3 -2 ------- Run | Yrd Mat Min Mat Min Mat Gar Mat Fac Low Low Dat Pro Fac Ext Cet Arc Hub Fac Upp Upp War Pro Fac Arm Lab Res Tes Res Maximum Alert Level 4 | . . 1 1 . 3 4 3 1 . . . . . 2 1 1 2 2 . . . . 2 1 . . 2 3 Low Security (%) 54 | 100 100 88 50 100 61 . 9 92 . . . . 100 82 37 98 51 . . . . . 2 30 . 100 77 . Level 1 29 | . . 11 49 . 21 . 57 7 . . . . . 12 62 1 4 75 . . . . 58 69 . . 11 71 Level 2 9 | . . . . . 8 23 26 . . . . . . 5 . . 44 24 . . . . 38 . . . 10 13 Level 3 4 | . . . . . 8 42 6 . . . . . . . . . . . . . . . . . . . . 15 Level 4 2 | . . . . . . 34 . . . . . . . . . . . . . . . . . . . . . . Level 5 . | . . . . . . . . . . . . . . . . . . . . . . . . . . . . . High Security . | . . . . . . . . . . . . . . . . . . . . . . . . . . . . . Max Security . | . . . . . . . . . . . . . . . . . . . . . . . . . . . . . Peak Influence 1537 | 5 157 227 311 156 799 1537 748 216 . . . . 92 487 310 208 638 512 . . . . 456 368 . 166 495 882 Initial 748 | . . 15 7 106 . 516 748 212 . . . . . 7 198 66 19 307 . . . . 361 193 . . 76 269 Average 242 | . 64 125 176 16 226 967 341 82 . . . . 25 122 218 129 309 359 . . . . 346 229 . 34 168 394 Influence Increases 15566 | 5 683 432 1009 50 1550 1171 783 646 280 140 20 60 209 1555 335 242 838 668 40 30 746 120 905 675 . 312 819 1243 Destroy 0b10 Robot/C 8760 | . 440 320 620 40 960 220 440 400 200 140 20 60 120 840 160 80 300 360 40 20 580 100 360 440 . 220 480 800 Destroy 0b10 Robot/NC 685 | 5 45 15 90 . 165 10 80 80 . . . . 15 35 10 25 35 25 . . 20 10 . 10 . . . 10 Destroy Leader 1682 | . 120 50 188 10 242 10 136 100 20 . . . 32 114 . . 72 82 . 10 . 10 100 72 . 70 60 184 Allied During Kill 1101 | . . 8 36 . 7 14 6 . . . . . . 412 161 105 200 . . . 146 . . . . . . 6 Successful Hack 231 | . 16 . 43 . 12 . . 19 . . . . 5 34 . . . 16 . . . . 35 12 . 6 . 33 Select Force Hacks 90 | . 60 . . . 30 . . . . . . . . . . . . . . . . . . . . . . . Disable Machine 495 | . . . . . 15 . 30 30 . . . . . 30 . 30 75 45 . . . . 15 75 . . 120 30 Anti-Garrison Action 850 | . . . . . . 850 . . . . . . . . . . . . . . . . . . . . . . Destroy Structure 802 | . 2 39 2 . 14 67 16 17 . . . . 22 15 4 2 96 140 . . . . 80 36 . 16 114 120 Advance Influence 300 | . . . . . . . . . . . . . . . . . . . . . . . 300 . . . . . Partial Spotted 30 | . . . . . 15 . 15 . . . . . . . . . . . . . . . . . . . . . Lose Combat Pursuer 540 | . . . 30 . 90 . 60 . 60 . . . 15 75 . . 60 . . . . . 15 30 . . 45 60 Influence Decreases 14842 | 5 644 452 753 325 756 428 1851 932 457 146 20 60 192 1217 525 351 266 927 409 30 258 510 606 744 328 176 476 998 Entered New Map 3687 | . . 24 12 169 . 278 789 257 68 2 . . . 10 157 99 37 321 137 . . 488 37 204 328 . 60 210 Time Decay 8820 | 5 614 428 701 156 577 . 592 626 379 144 20 60 182 510 278 222 139 586 272 30 188 22 559 510 . 176 416 428 Lost Part 619 | . 30 . . . 10 30 . 49 10 . . . 10 40 10 10 10 20 . . . . 10 20 . . . 360 Lost Ally 687 | . . . 40 . 40 120 20 . . . . . . 207 80 20 80 . . . 70 . . 10 . . . . Purge Threat 1029 | . . . . . 129 . 450 . . . . . . 450 . . . . . . . . . . . . . . Squads Dispatched 77 | . 6 . 2 . 14 . 2 9 . . . . 2 3 . . 3 7 . . . . 8 5 . 5 10 1 Investigation 14 | . 4 . . . 3 . 1 2 . . . . . . . . . 1 . . . . 1 1 . . 1 . Extermination 21 | . . . . . . . . 6 . . . . 1 . . . . 3 . . . . 3 3 . 2 3 . Reinforcement 23 | . 2 . 2 . 4 . 1 1 . . . . 1 3 . . 3 1 . . . . 1 1 . . 2 1 Assault 1 | . . . . . . . . . . . . . . . . . . . . . . . 1 . . . . . Garrison 11 | . . . . . 7 . . . . . . . . . . . . . . . . . . . . . 4 . Intercept 7 | . . . . . . . . . . . . . . . . . . 2 . . . . 2 . . 3 . . Searches Triggered . | . . . . . . . . . . . . . . . . . . . . . . . . . . . . . Construction Impeded 4 | . . . . . . . . 1 . . . . . 1 . . 1 . . . . . . . . . 1 . Haulers Reinforced . | . . . . . . . . . . . . . . . . . . . . . . . . . . . . . Active Scanning Responses . | . . . . . . . . . . . . . . . . . . . . . . . . . . . . . Cargo Convoy Interrupts 1 | . . . . . . . . . . . . . . . . . . 1 . . . . . . . . . . Stealth | -11 -10 -10 -9 -9 -8 -8 -8 -7 -7 -7 -7 -6 -6 -6 -6 -6 -6 -5 -5 -5 -5 -4 -4 -4 -4 -3 -3 -2 --------- Run | Yrd Mat Min Mat Min Mat Gar Mat Fac Low Low Dat Pro Fac Ext Cet Arc Hub Fac Upp Upp War Pro Fac Arm Lab Res Tes Res Distress Signals 24 | . 1 . 5 . 3 . 2 1 . . . . . 1 2 . 1 1 . . . . . 4 . . 1 2 Communications Jammed . | . . . . . . . . . . . . . . . . . . . . . . . . . . . . . Distress Signals . | . . . . . . . . . . . . . . . . . . . . . . . . . . . . . Times Spotted 578 | . 29 14 38 2 61 32 28 24 10 7 4 3 8 42 8 12 16 18 . 1 51 7 20 31 . 11 36 65 Peak Tracking Total 15 | . 4 3 4 2 6 3 4 4 9 7 1 3 4 7 5 1 8 4 . 1 13 4 6 5 . 4 6 15 Tactical Retreats 28 | . . . 2 . 3 4 4 . 1 . . . 1 4 . . 3 . . . . . 1 1 . . 2 2 Traps | -11 -10 -10 -9 -9 -8 -8 -8 -7 -7 -7 -7 -6 -6 -6 -6 -6 -6 -5 -5 -5 -5 -4 -4 -4 -4 -3 -3 -2 ------- Run | Yrd Mat Min Mat Min Mat Gar Mat Fac Low Low Dat Pro Fac Ext Cet Arc Hub Fac Upp Upp War Pro Fac Arm Lab Res Tes Res Traps Triggered 19 | . 2 . . . 3 1 4 2 . . . . . 4 . . 1 1 . . 1 . . . . . . . Indirectly 1 | . . . . . . . . . . . . . . . . . 1 . . . . . . . . . . . Trap Hack Attempts . | . . . . . . . . . . . . . . . . . . . . . . . . . . . . . Triggered . | . . . . . . . . . . . . . . . . . . . . . . . . . . . . . Disarmed 2 | . 2 . . . . . . . . . . . . . . . . . . . . . . . . . . . Reprogrammed . | . . . . . . . . . . . . . . . . . . . . . . . . . . . . . Reused . | . . . . . . . . . . . . . . . . . . . . . . . . . . . . . Traps Extracted . | . . . . . . . . . . . . . . . . . . . . . . . . . . . . . Installed . | . . . . . . . . . . . . . . . . . . . . . . . . . . . . . Triggered . | . . . . . . . . . . . . . . . . . . . . . . . . . . . . . Machines | -11 -10 -10 -9 -9 -8 -8 -8 -7 -7 -7 -7 -6 -6 -6 -6 -6 -6 -5 -5 -5 -5 -4 -4 -4 -4 -3 -3 -2 ---------- Run | Yrd Mat Min Mat Min Mat Gar Mat Fac Low Low Dat Pro Fac Ext Cet Arc Hub Fac Upp Upp War Pro Fac Arm Lab Res Tes Res Machines Disabled 41 | . . . . . 1 2 2 2 . 2 . . . 3 . 2 5 3 . . 1 . 2 5 1 . 8 2 Max in Single Turn 4 | . . . . . . 2 1 2 . 1 . . . . . 1 4 2 . . 1 . 1 1 1 . 2 1 Garrison Access 3 | . . . . . . . 1 . . . . . . . . . . 1 . . . . . . . . . 1 Phase Generator 1 | . . . . . . 1 . . . . . . . . . . . . . . . . . . . . . . Network Hub 1 | . . . . . . . . . . . . . . . . . 1 . . . . . . . . . . . Machines Repaired . | . . . . . . . . . . . . . . . . . . . . . . . . . . . . . Machines Dismantled . | . . . . . . . . . . . . . . . . . . . . . . . . . . . . . Machines Sabotaged . | . . . . . . . . . . . . . . . . . . . . . . . . . . . . . Overloaded Fab Kills . | . . . . . . . . . . . . . . . . . . . . . . . . . . . . . Hacking | -11 -10 -10 -9 -9 -8 -8 -8 -7 -7 -7 -7 -6 -6 -6 -6 -6 -6 -5 -5 -5 -5 -4 -4 -4 -4 -3 -3 -2 --------- Run | Yrd Mat Min Mat Min Mat Gar Mat Fac Low Low Dat Pro Fac Ext Cet Arc Hub Fac Upp Upp War Pro Fac Arm Lab Res Tes Res Machines Accessed 76 | . 7 . 12 1 10 1 5 7 1 2 . . 2 14 . . 1 5 . . . . 3 2 . 1 1 1 Terminals 50 | . 5 . 9 . 6 1 3 3 . 1 . . 2 13 . . 1 3 . . . . 1 1 . 1 . . Fabricators 5 | . . . . . . . . 3 . . . . . . . . . 1 . . . . . 1 . . . . Repair Stations 7 | . . . 2 . 2 . 1 . . . . . . . . . . . . . . . 1 . . . . 1 Recycling Units 5 | . 2 . . . 1 . . 1 . . . . . 1 . . . . . . . . . . . . . . Scanalyzers 2 | . . . 1 . . . . . . . . . . . . . . . . . . . 1 . . . . . Garrison Access 4 | . . . . . 1 . 1 . . . . . . . . . . 1 . . . . . . . . 1 . Total Hacks 219 | . 17 . 35 1 26 1 14 17 1 8 . . 7 32 . . 2 15 . . . . 25 6 . 6 3 3 Successful 137 | . 13 . 23 1 18 1 8 11 1 8 . . 5 18 . . 1 9 . . . . 11 4 . 3 . 2 Failed 80 | . 4 . 11 . 8 . 6 6 . . . . 1 14 . . 1 6 . . . . 14 2 . 3 3 1 Catastrophic 13 | . . . . . . . 2 . . . . . . 2 . . 1 3 . . . . 2 1 . 2 . . Database Lockouts 2 | . . . 1 . . . . . . . . . 1 . . . . . . . . . . . . . . . Manual 127 | . 17 . 20 . 15 . 10 9 . . . . 5 15 1 . 2 9 . . 1 . 14 3 . 6 . . Terminals 156 | . 14 . 25 . 18 1 10 9 . 7 . . 7 31 . . 2 10 . . . . 13 3 . 6 . . Fabricators 13 | . . . . . . . . 6 . . . . . . . . . 4 . . . . . 3 . . . . Repair Stations 24 | . . . 6 . 6 . 2 . . . . . . . . . . . . . . . 7 . . . . 3 Recycling Units 7 | . 3 . . . 1 . . 2 . . . . . 1 . . . . . . . . . . . . . . Scanalyzers 9 | . . . 4 . . . . . . . . . . . . . . . . . . . 5 . . . . . Garrison Access 7 | . . . . . 1 . 2 . . . . . . . . . . 1 . . . . . . . . 3 . Terminal Hacks 61 | . 3 . 6 1 3 1 5 4 1 8 . . 4 16 . . 1 4 . . . . 2 1 . 1 . . Record 7 | . . . . . . . . . . 7 . . . . . . . . . . . . . . . . . . Part Schematic 6 | . . . . . . . . 2 . . . . 2 . . . . 1 . . . . 1 . . . . . Robot Analysis 3 | . 1 . 1 . 1 . . . . . . . . . . . . . . . . . . . . . . . Prototype ID Bank 1 | . . . . . . . . . . . . . . 1 . . . . . . . . . . . . . . Open Door 13 | . . . . 1 . 1 . . 1 1 . . . 9 . . . . . . . . . . . . . . Branch Access Points 6 | . . . . . . . . 1 . . . . 1 . . . 1 1 . . . . 1 . . 1 . . Terminal Index 1 | . . . . . . . . 1 . . . . . . . . . . . . . . . . . . . . Alert Level 5 | . . . . . 1 . 2 . . . . . . 2 . . . . . . . . . . . . . . Unreport Threat 7 | . . . . . 1 . 3 . . . . . . 3 . . . . . . . . . . . . . . Locate Traps 1 | . . . . . . . . . . . . . . . . . . . . . . . . 1 . . . . Disarm Traps 1 | . 1 . . . . . . . . . . . . . . . . . . . . . . . . . . . Hauler Manifests 2 | . . . 1 . . . . . . . . . . . . . . 1 . . . . . . . . . . Zone Layout 8 | . 1 . 4 . . . . . . . . . 1 1 . . . 1 . . . . . . . . . . Fabricator Hacks 8 | . . . . . . . . 3 . . . . . . . . . 3 . . . . . 2 . . . . Network Status 1 | . . . . . . . . 1 . . . . . . . . . . . . . . . . . . . . Load Schematic 3 | . . . . . . . . 1 . . . . . . . . . 1 . . . . . 1 . . . . Build 4 | . . . . . . . . 1 . . . . . . . . . 2 . . . . . 1 . . . . Repair Station Hacks 19 | . . . 4 . 6 . 2 . . . . . . . . . . . . . . . 5 . . . . 2 Scan Component 11 | . . . 3 . 3 . 1 . . . . . . . . . . . . . . . 3 . . . . 1 Repair 8 | . . . 1 . 3 . 1 . . . . . . . . . . . . . . . 2 . . . . 1 Recycling Unit Hacks 2 | . . . . . . . . 1 . . . . . 1 . . . . . . . . . . . . . . Retrieve Components 2 | . . . . . . . . 1 . . . . . 1 . . . . . . . . . . . . . . Scanalyzer 6 | . . . 4 . . . . . . . . . . . . . . . . . . . 2 . . . . . Insert Component 3 | . . . 2 . . . . . . . . . . . . . . . . . . . 1 . . . . . Analyze 3 | . . . 2 . . . . . . . . . . . . . . . . . . . 1 . . . . . Garrison Access Hacks 3 | . . . . . 1 . 1 . . . . . . . . . . 1 . . . . . . . . . . Unlock Access 1 | . . . . . 1 . . . . . . . . . . . . . . . . . . . . . . . Seal Access 2 | . . . . . . . 1 . . . . . . . . . . 1 . . . . . . . . . . Unauthorized Hacks 38 | . 10 . 9 . 8 . . 3 . . . . 1 1 . . . 1 . . . . 2 1 . 2 . . Terminals 31 | . 8 . 9 . 7 . . 2 . . . . 1 1 . . . . . . . . 1 . . 2 . . Botnet 15 | . 3 . 4 . 2 . . 2 . . . . 1 1 . . . . . . . . 1 . . 1 . . Operators 1 | . . . . . . . . . . . . . . . . . . . . . . . . . . 1 . . Skim 15 | . 5 . 5 . 5 . . . . . . . . . . . . . . . . . . . . . . . Fabricators 3 | . . . . . . . . 1 . . . . . . . . . 1 . . . . . 1 . . . . Prioritize 2 | . . . . . . . . . . . . . . . . . . 1 . . . . . 1 . . . . Haulers 1 | . . . . . . . . 1 . . . . . . . . . . . . . . . . . . . . Repair Stations 1 | . . . . . . . . . . . . . . . . . . . . . . . 1 . . . . . Patch 1 | . . . . . . . . . . . . . . . . . . . . . . . 1 . . . . . Recycling Units 3 | . 2 . . . 1 . . . . . . . . . . . . . . . . . . . . . . . Tunnel 3 | . 2 . . . 1 . . . . . . . . . . . . . . . . . . . . . . . Scanalyzers . | . . . . . . . . . . . . . . . . . . . . . . . . . . . . . Garrison Access . | . . . . . . . . . . . . . . . . . . . . . . . . . . . . . Data Cores Recovered 3 | . . . . . 1 . . 1 . . . . . . . . . . . . . . . 1 . . . . Used . | . . . . . . . . . . . . . . . . . . . . . . . . . . . . . Hacking Detections 51 | . 2 . 10 . 7 1 5 6 . . . . 1 6 . . 1 4 . . . . 3 2 . 1 1 1 Full Trace Events 4 | . . . . . . . . 1 . . . . . . . . . 1 . . . . . 1 . . 1 . Feedback Events . | . . . . . . . . . . . . . . . . . . . . . . . . . . . . . Feedback Blocked . | . . . . . . . . . . . . . . . . . . . . . . . . . . . . . Robot Schematics Acquired . | . . . . . . . . . . . . . . . . . . . . . . . . . . . . . Robots Built . | . . . . . . . . . . . . . . . . . . . . . . . . . . . . . Authchips . | . . . . . . . . . . . . . . . . . . . . . . . . . . . . . Time . | . . . . . . . . . . . . . . . . . . . . . . . . . . . . . Total Robot Build Rating . | . . . . . . . . . . . . . . . . . . . . . . . . . . . . . Part Schematics Acquired 8 | . . . 2 . . . . 2 . . . . 2 . . . . 1 . . . . 1 . . . . . Parts Built 7 | . . . . . . . . 2 . . . . . . . . . 3 . . . . . 2 . . . . Authchips . | . . . . . . . . . . . . . . . . . . . . . . . . . . . . . Time 237 | . . . . . . . . 73 . . . . . . . . . 106 . . . . . 58 . . . . Total Part Build Rating 36 | . . . . . . . . 6 . . . . . . . . . 16 . . . . . 14 . . . . Parts Repaired 8 | . . . 1 . 3 . 1 . . . . . . . . . . . . . . . 2 . . . . 1 Time 437 | . . . 32 . 108 . 38 . . . . . . . . . . . . . . . 235 . . . . 24 Parts Recycled . | . . . . . . . . . . . . . . . . . . . . . . . . . . . . . Recycled Matter . | . . . . . . . . . . . . . . . . . . . . . . . . . . . . . Retrieved Matter . | . . . . . . . . . . . . . . . . . . . . . . . . . . . . . Retrieved Components . | . . . . . . . . . . . . . . . . . . . . . . . . . . . . . Parts Scanalyzed 3 | . . . 2 . . . . . . . . . . . . . . . . . . . 1 . . . . . Part Schematics Acquired 2 | . . . 2 . . . . . . . . . . . . . . . . . . . . . . . . . Parts Damaged . | . . . . . . . . . . . . . . . . . . . . . . . . . . . . . Bothacking | -11 -10 -10 -9 -9 -8 -8 -8 -7 -7 -7 -7 -6 -6 -6 -6 -6 -6 -5 -5 -5 -5 -4 -4 -4 -4 -3 -3 -2 ------------ Run | Yrd Mat Min Mat Min Mat Gar Mat Fac Low Low Dat Pro Fac Ext Cet Arc Hub Fac Upp Upp War Pro Fac Arm Lab Res Tes Res Used RIF Installer . | . . . . . . . . . . . . . . . . . . . . . . . . . . . . . Robots Hacked . | . . . . . . . . . . . . . . . . . . . . . . . . . . . . . Non-combat . | . . . . . . . . . . . . . . . . . . . . . . . . . . . . . Combat . | . . . . . . . . . . . . . . . . . . . . . . . . . . . . . Robot Hacks Applied . | . . . . . . . . . . . . . . . . . . . . . . . . . . . . . Relay Couplers Released 3 | . . . . . . . . . . . . . . . . . . . . . . . . . . . . 3 Machine Destruction 3 | . . . . . . . . . . . . . . . . . . . . . . . . . . . . 3 Fabnet Peak Effective % . | . . . . . . . . . . . . . . . . . . . . . . . . . . . . . Robots Rewired 27 | . . . . . . 9 . . . . . . . 11 . . . . . . 5 . . 2 . . . . Allies Hacked 3 | . . . . . . 2 . . . . . . . . . . . . . . . . . 1 . . . . Hacks Repelled . | . . . . . . . . . . . . . . . . . . . . . . . . . . . . . Allies | -11 -10 -10 -9 -9 -8 -8 -8 -7 -7 -7 -7 -6 -6 -6 -6 -6 -6 -5 -5 -5 -5 -4 -4 -4 -4 -3 -3 -2 -------- Run | Yrd Mat Min Mat Min Mat Gar Mat Fac Low Low Dat Pro Fac Ext Cet Arc Hub Fac Upp Upp War Pro Fac Arm Lab Res Tes Res Total Allies 55 | . . 3 . 3 . 10 . . . . . . . 27 5 . . . . . 5 . . 2 . . . . Largest Group 14 | . . 3 3 3 3 5 4 . . . . . . 10 14 8 7 . . . 5 . . 2 . . . . Highest-Rated Group 849 | . . 79 79 40 40 65 52 . . . . . . 407 849 559 534 . . . 246 . . 128 . . . . Highest-Rated Ally 159 | . . 31 31 16 16 31 14 . . . . . . 159 152 96 96 . . . 64 . . 64 . . . . Initial Warlord ECA Mod 17 | . . . . . . . 3 2 2 2 2 1 1 1 1 1 1 . . . . . . . . . . . Total Orders 12 | . . . . . . . . . . . . . . . 9 . . . . . 3 . . . . . . . STAY 7 | . . . . . . . . . . . . . . . 7 . . . . . . . . . . . . . FOLLOW 2 | . . . . . . . . . . . . . . . 2 . . . . . . . . . . . . . AID 3 | . . . . . . . . . . . . . . . . . . . . . 3 . . . . . . . Ally Attacks 491 | . . 4 50 . 37 15 4 . . . . . . 160 61 30 50 . . . 77 . . . . . . 3 Total Damage 11818 | . . 42 698 . 317 300 22 . . . . . . 3026 1600 1166 1978 . . . 2655 . . . . . . 14 Kills 77 | . . 1 10 . 4 1 1 . . . . . . 27 6 3 9 . . . 15 . . . . . . . Allies Corrupted 4 | . . . . . . . . . . . . . . . . . 3 . . . 1 . . . . . . . Allies Melted 2 | . . . . . . . . . . . . . . . . . 1 . . . 1 . . . . . . . Intel | -11 -10 -10 -9 -9 -8 -8 -8 -7 -7 -7 -7 -6 -6 -6 -6 -6 -6 -5 -5 -5 -5 -4 -4 -4 -4 -3 -3 -2 ------- Run | Yrd Mat Min Mat Min Mat Gar Mat Fac Low Low Dat Pro Fac Ext Cet Arc Hub Fac Upp Upp War Pro Fac Arm Lab Res Tes Res Active Infowar (turns) 16606 | . . . . . . . . 1817 1176 1343 456 667 538 1218 497 479 205 1557 801 533 1350 911 1320 363 . 1 594 780 Sensors 1375 | . . . . . . . . . . . . . . . . . . . . . . . . . . 1 594 780 Seismic 15231 | . . . . . . . . 1817 1176 1343 456 667 538 1218 497 479 205 1557 801 533 1350 911 1320 363 . . . . Robot Analysis Total 154 | . 1 . 1 . 1 . . . . . 151 . . . . . . . . . . . . . . . . . Derelict Logs Recovered 14 | . . 1 . 2 . . . . 3 2 . 3 . . . . . . 1 1 . 1 . . . . . . Drone Launches 3 | . . . . . . . . . . . . . . . . . . . . . . . . . . . . 3 Drone Recoveries 2 | . . . . . . . . . . . . . . . . . . . . . . . . . . . . 2 Exploration | -11 -10 -10 -9 -9 -8 -8 -8 -7 -7 -7 -7 -6 -6 -6 -6 -6 -6 -5 -5 -5 -5 -4 -4 -4 -4 -3 -3 -2 ------------- Run | Yrd Mat Min Mat Min Mat Gar Mat Fac Low Low Dat Pro Fac Ext Cet Arc Hub Fac Upp Upp War Pro Fac Arm Lab Res Tes Res Turns Passed 37467 | 117 2035 1041 3377 1556 3587 2003 1862 2198 1278 1391 599 695 661 1509 610 479 291 1827 804 565 1449 926 1655 1391 444 1075 1002 1040 Spaces Moved 13984 | 66 1026 588 1171 476 1128 726 686 736 509 590 188 300 228 719 218 175 81 814 423 295 650 367 500 400 125 335 197 267 Core 13 | 13 . . . . . . . . . . . . . . . . . . . . . . . . . . . . Treads 8523 | 53 1026 588 1171 476 384 51 38 62 . . . . . 1 63 175 81 814 423 295 650 367 500 400 125 335 197 248 Legs 19 | . . . . . . . . . . . . . . . . . . . . . . . . . . . . 19 Wheels 5429 | . . . . . 744 675 648 674 509 590 188 300 228 718 155 . . . . . . . . . . . . . Hover . | . . . . . . . . . . . . . . . . . . . . . . . . . . . . . Flight . | . . . . . . . . . . . . . . . . . . . . . . . . . . . . . Fastest Speed 50 | 50 160 160 240 320 210 210 210 210 225 225 225 225 160 145 155 160 160 160 170 170 170 170 170 245 245 245 245 170 Average Speed 209 | 138 160 160 250 320 247 218 225 229 225 225 225 225 216 153 178 160 160 168 170 170 170 170 209 247 245 245 245 252 Slowest Speed 560 | 160 240 160 320 320 400 560 320 320 225 240 225 225 240 320 240 240 160 170 170 170 270 170 255 255 245 245 245 330 Overloaded Moves . | . . . . . . . . . . . . . . . . . . . . . . . . . . . . . Propulsion Burnouts . | . . . . . . . . . . . . . . . . . . . . . . . . . . . . . Robots Hopped . | . . . . . . . . . . . . . . . . . . . . . . . . . . . . . Potential Cave-ins 7 | . . . . . . . . . . . . . . . . . . . . 1 1 . 3 . . 2 . . Cave-ins Triggered . | . . . . . . . . . . . . . . . . . . . . . . . . . . . . . Teleports 1 | . . . . . . . . . . . . . . . . . . . . . . . . . . . 1 . Exploration Rate (%) 53 | 4 98 98 86 97 67 67 56 20 70 79 75 54 9 84 56 73 12 7 62 58 66 67 12 40 88 9 35 14 Regions Visited 28 Branch Regions 17 Pre-discovered Areas 37 | . 2 1 2 2 4 . . . 2 2 19 2 . . . . . . . . . 1 . . . . . . Known Exits Taken 14 | . 1 . 1 1 1 . . 1 1 . . . 1 . . . 1 1 . 1 1 1 1 . . 1 . . Unknown Exits Taken 13 | 1 . 1 . . . . 1 . . 1 1 1 . 1 1 1 . . 1 . . . . 1 1 . 1 . Scrap Searched 19 | . . 2 . 2 . . . . 3 5 . 2 . . . . . . 3 . . 2 . . . . . . Spaces Dug 203 | . . 9 . . 4 18 10 12 2 4 . . 18 . . . 1 29 20 5 . 25 16 11 . 3 11 5 Terrain Destroyed 866 | . . 62 . . 4 133 10 13 2 4 . . 23 1 . . 182 103 23 11 14 58 49 27 . 20 82 45 Melee 26 | . . . . . 4 1 . 12 2 4 . . 3 . . . . . . . . . . . . . . . Projectile 369 | . . 5 . . . 13 . 1 . . . . 20 1 . . 27 50 23 11 14 57 46 15 . 18 40 28 AOE 452 | . . 57 . . . 119 10 . . . . . . . . . 155 53 . . . . . 6 . . 39 13 Terrain Rammed . | . . . . . . . . . . . . . . . . . . . . . . . . . . . . . Walls Destroyed . | . . . . . . . . . . . . . . . . . . . . . . . . . . . . . Machines Disabled . | . . . . . . . . . . . . . . . . . . . . . . . . . . . . . Actions | -11 -10 -10 -9 -9 -8 -8 -8 -7 -7 -7 -7 -6 -6 -6 -6 -6 -6 -5 -5 -5 -5 -4 -4 -4 -4 -3 -3 -2 --------- Run | Yrd Mat Min Mat Min Mat Gar Mat Fac Low Low Dat Pro Fac Ext Cet Arc Hub Fac Upp Upp War Pro Fac Arm Lab Res Tes Res Total 19740 | 80 1273 644 1493 492 1688 1017 912 1089 592 625 303 313 335 1039 408 336 160 1153 483 330 927 621 988 669 252 505 547 466 Wait 3403 | . 100 23 183 2 348 90 137 192 36 9 59 3 52 185 134 121 19 240 43 12 177 213 363 171 101 98 216 76 Move 13956 | 65 1025 587 1170 475 1127 725 685 735 508 589 187 299 227 718 217 174 80 813 422 294 649 366 499 399 124 334 196 267 Hop . | . . . . . . . . . . . . . . . . . . . . . . . . . . . . . Pick Up 204 | 1 27 . 24 2 15 8 3 12 6 2 6 1 3 9 12 4 3 9 2 1 6 2 14 7 2 7 4 12 Fast Attach 84 | 6 4 1 3 1 6 1 2 3 . . 2 . 1 3 4 7 2 4 . . 8 . 2 2 5 2 2 13 Attach 83 | . 2 . 3 . 4 3 . 8 1 1 6 . 3 4 4 4 1 6 . . . . 6 2 1 5 3 16 Detach 5 | . . . . . . . . . . . . . . . . . . . . . . . 1 . . . 2 2 Swap 375 | . 10 6 21 2 34 32 15 40 12 6 9 5 8 19 3 2 9 21 1 3 6 4 34 12 1 11 36 13 Drop 229 | . 20 3 27 2 25 7 6 12 5 2 . 2 3 11 17 8 2 7 2 1 15 2 19 8 6 9 6 2 Fire 1149 | 3 77 24 55 5 121 82 63 71 22 10 18 3 34 40 17 16 44 53 13 19 26 34 50 52 12 39 81 65 Melee 50 | . . . . . 6 1 . 15 2 6 16 . 4 . . . . . . . . . . . . . . . Ram . | . . . . . . . . . . . . . . . . . . . . . . . . . . . . . Kick . | . . . . . . . . . . . . . . . . . . . . . . . . . . . . . Crush 29 | 5 8 . 7 3 2 . 1 1 . . . . . . . . . . . . 1 . . . . . 1 . Escape Stasis 30 | . . . . . . 8 . . . . . . . 22 . . . . . . . . . . . . . . Rewire 143 | . . . . . . 60 . . . . . . . 28 . . . . . . 39 . . 16 . . . . Trap . | . . . . . . . . . . . . . . . . . . . . . . . . . . . . . Miscellaneous . | . . . . . . . . . . . . . . . . . . . . . . . . . . . . . Route ------- -11/Scrapyard -10/Materials (discovered 5 exits: *Mat x3 / *Min / Sub) -10/Mines (discovered 3 exits: *Mat x2 / *Sub) -9/Materials (discovered 6 exits: *Mat x3 / *Min x2 / *Sto) -9/Mines (discovered 2 exits: *Mat x2) -8/Materials (discovered 3 exits: *Fac x2 / Gar) -8/Garrison (discovered 2 exits: *Mat x2) -8/Materials (discovered 2 exits: *Fac x2) -7/Factory (discovered 4 exits: *Fac x2 / *Low x2) -7/Lower Caves (discovered 2 exits: *Low / [*Dat]) -7/Lower Caves (discovered 2 exits: *Fac / [*Dat]) -7/Data Miner -6/Proximity Caves -6/Factory (discovered 5 exits: Fac / Low x2 / *Ext x2) -6/Extension (discovered 2 exits: *Fac / *Cet) -6/Cetus (discovered 2 exits: *Fac / [*Arc]) -6/Archives (discovered 3 exits: *Fac / *Hub x2) -6/Hub_04(d) -5/Factory (discovered 2 exits: *Upp x2) -5/Upper Caves -5/Upper Caves -5/Warlord -4/Proximity Caves -4/Factory (discovered 3 exits: *Upp x2 / *Arm) -4/Armory (discovered 2 exits: *Res / [*Lab]) -4/Lab -3/Research (discovered 2 exits: *Tes x2) -3/Testing -2/Research (discovered 1 exit: [*Acc]) History --------- Turn | Location | Event 3 | -11/Scrapyard | Discovered new exit (range 15) 118 | -11/Scrapyard | Entered Materials 315 | -10/Materials | Build established: Mutant 609 | -10/Materials | Discovered new exit (range 15) 931 | -10/Materials | Build established: Scavenger-Mutant 980 | -10/Materials | Core integrity fell below 50% 1052 | -10/Materials | Discovered new exit (range 7) 1388 | -10/Materials | Discovered new exit (range 3) 1485 | -10/Materials | Build established: Mutant 1585 | -10/Materials | Identified exit to Subcaves 1614 | -10/Materials | Learned location of 1 exit from Recycling 1631 | -10/Materials | Learned location of 1 exit from Storage 1639 | -10/Materials | Loaded intel: 10 trap records 1640 | -10/Materials | Learned Materials trap positions 1660 | -10/Materials | Identified exit to Mines 2153 | -10/Materials | Entered Mines 2337 | -10/Mines | Discovered exit to Subcaves (range 13) 2759 | -10/Mines | Deemed a non-threat by the Exiles lab entrance 2954 | -10/Mines | Learned location of Storage (-9) 2978 | -10/Mines | Discovered new exit (range 5) 3021 | -10/Mines | Discovered new exit (range 3) 3094 | -10/Mines | Received a Mining Laser from a helpful Derelict 3194 | -10/Mines | Entered Materials 3194 | -9/Materials | Accompanied by 3 allies 3194 | -9/Materials | Evolved 2 slots: Utility x1, Weapon x1 3195 | -9/Materials | Identified exit to Mines 3195 | -9/Materials | Identified exit to Storage 3196 | -9/Materials | Loaded intel: 9 trap records 3199 | -9/Materials | Led the pair of lost Derelicts to an unsafe place 3374 | -9/Materials | Discovered exit to Mines (range 15) 3491 | -9/Materials | Build established: Tank 4121 | -9/Materials | Discovered new exit (range 10) 4609 | -9/Materials | Discovered new exit (range 15) 5011 | -9/Materials | Repaired Shotgun 5508 | -9/Materials | Discovered new exit (range 8) 5842 | -9/Materials | Central database locked down 5891 | -9/Materials | Learned location of Recycling (-9) 5919 | -9/Materials | Learned location of Zion (-6) 6130 | -9/Materials | Learned Materials stockpile data 6571 | -9/Materials | Entered Mines 6572 | -9/Mines | Identified exit to Materials 7084 | -9/Mines | Found a hidden stash of uninstalled traps 7587 | -9/Mines | Assisted by bots powering up and referring to "LRC-V3" 7758 | -9/Mines | Found the Drone Emporium 7773 | -9/Mines | Found Prototype Device 7773 | -9/Mines | Identified Thief Drone Bay 7859 | -9/Mines | Learned Materials stockpile data 8127 | -9/Mines | Entered Materials 8127 | -8/Materials | Accompanied by 3 allies 8127 | -8/Materials | Evolved 2 slots: Utility x1, Weapon x1 8461 | -8/Materials | Garrison activated, responded to threat 8513 | -8/Materials | Identified exit to Garrison 9166 | -8/Materials | Garrison activated, responded to threat 9258 | -8/Materials | Discovered new exit (range 9) 9718 | -8/Materials | Repaired Shield Generator 9764 | -8/Materials | Repaired Gauss Rifle 10061 | -8/Materials | Learned Storage emergency access door positions 10093 | -8/Materials | Learned Factory stockpile data 10107 | -8/Materials | Discovered new exit (range 8) 10133 | -8/Materials | Learned location of 1 exit from Recycling 10141 | -8/Materials | Learned location of Lower Caves (-6) 10157 | -8/Materials | Learned 4 Recycling zone layouts 10319 | -8/Materials | Repaired Shield Generator 10662 | -8/Materials | Garrison activated, responded to threat 11389 | -8/Materials | Destroyed 7 combat bots 11714 | -8/Materials | Entered Garrison 11784 | -8/Garrison | Triggered checkpoint 11943 | -8/Garrison | Assembled breached garrison interior 12131 | -8/Garrison | Spotted B-75 Beast 12182 | -8/Garrison | Phase Generator disabled 12642 | -8/Garrison | Discovered new exit (range 12) 12844 | -8/Garrison | Build established: Scavenger-Gunner 13011 | -8/Garrison | Rescued a captive Derelict 13279 | -8/Garrison | Discovered new exit (range 14) 13436 | -8/Garrison | Lost 4 allies 13717 | -8/Garrison | Entered Materials 13717 | -8/Materials | Accompanied by 4 allies 13913 | -8/Materials | Lost 3 allies 14396 | -8/Materials | Repaired Minigun 14883 | -8/Materials | Discovered new exit (range 7) 15460 | -8/Materials | Build established: Gunner 15505 | -8/Materials | Discovered new exit (range 9) 15579 | -8/Materials | Entered Factory 15579 | -7/Factory | Evolved 2 slots: Propulsion x1, Utility x1 15886 | -7/Factory | Build established: Scavenger-Gunner 16048 | -7/Factory | Identified exit to Lower Caves 16202 | -7/Factory | Build established: Gunner 16521 | -7/Factory | Lost 4 parts (1p1u2w) 16679 | -7/Factory | Discovered new exit (range 14) 16800 | -7/Factory | Discovered new exit (range 5) 16968 | -7/Factory | Build established: Scavenger-Tank 17652 | -7/Factory | Fabricated Adv. Targeting Computer (x2) 17690 | -7/Factory | Build established: Scavenger-Gunner 17777 | -7/Factory | Entered Lower Caves 17792 | -7/Lower Caves | Met a Warlord Commander 17793 | -7/Lower Caves | Learned location of Warlord (-5) 17794 | -7/Lower Caves | Warlord Commander delivered Encrypted Comm Array 17798 | -7/Lower Caves | Found Encrypted Comm Array 17970 | -7/Lower Caves | A Derelict revealed a hidden shortcut to meet someone special 18205 | -7/Lower Caves | Encountered a Warlord checkpoint 18396 | -7/Lower Caves | Spotted B-75 Beast 18445 | -7/Lower Caves | Destroyed B-75 Beast 18491 | -7/Lower Caves | Attracted the attention of an 0b10 outpost 18747 | -7/Lower Caves | Identified exit to Lower Caves 18965 | -7/Lower Caves | Learned location of Extension (-6) 19032 | -7/Lower Caves | Learned Factory garrison access intel 19055 | -7/Lower Caves | Entered another Lower Caves area 19258 | -7/Lower Caves | Discovered new exit (range 10) 19424 | -7/Lower Caves | Attracted the attention of an 0b10 base 19481 | -7/Lower Caves | Destroyed 7 combat bots 19482 | -7/Lower Caves | Learned Armory emergency access door positions 19482 | -7/Lower Caves | Learned Armory trap positions 19565 | -7/Lower Caves | Encountered a Warlord checkpoint 20412 | -7/Lower Caves | Discovered new exit (range 12) 20446 | -7/Lower Caves | Entered Data Miner 20446 | -7/Data Miner | Discovered new exit (range 6) 20489 | -7/Data Miner | Met Data Miner 20547 | -7/Data Miner | Destroyed Data Miner 20550 | -7/Data Miner | Interfaced with the Data Conduit 20873 | -7/Data Miner | Found Prototype Hackware 20876 | -7/Data Miner | Found Prototype Hackware 21045 | -7/Data Miner | Entered Proximity Caves 21341 | -6/Proximity Caves | Attracted the attention of an 0b10 checkpoint 21427 | -6/Proximity Caves | Learned 4 Factory zone layouts 21717 | -6/Proximity Caves | Discovered new exit (range 10) 21740 | -6/Proximity Caves | Entered Factory 21740 | -6/Factory | Evolved 2 slots: Propulsion x1, Utility x1 21741 | -6/Factory | Identified exit to Extension 21742 | -6/Factory | Identified exit to Factory 21743 | -6/Factory | Loaded intel: 238 machine locations 21744 | -6/Factory | Loaded intel: 4 garrison access locations 21745 | -6/Factory | Identified Ghost Barrier 21747 | -6/Factory | Identified Deep Network Scanner 22211 | -6/Factory | Identified exit to Lower Caves 22327 | -6/Factory | Central database locked down 22401 | -6/Factory | Entered Extension 22402 | -6/Extension | Loaded intel: 40 machine locations 22462 | -6/Extension | Rescued a captive Derelict 22618 | -6/Extension | Lost 3 allies 22645 | -6/Extension | Rescued a captive Derelict 22647 | -6/Extension | Rescued a captive Derelict 22657 | -6/Extension | Rescued a captive Derelict 22661 | -6/Extension | Rescued a captive Derelict 22673 | -6/Extension | Rescued a captive Derelict 22676 | -6/Extension | Rescued a captive Derelict 22792 | -6/Extension | Rescued a captive Derelict 22793 | -6/Extension | Rescued a captive Derelict 22849 | -6/Extension | Rescued a captive Derelict 22850 | -6/Extension | Rescued a captive Derelict 22885 | -6/Extension | Rescued a captive Derelict 22887 | -6/Extension | Rescued a captive Derelict 23026 | -6/Extension | Disrupted transfer network 23273 | -6/Extension | Spotted B-75 Beast 23286 | -6/Extension | Allies destroyed B-75 Beast 23290 | -6/Extension | Spotted B-75 Beast 23305 | -6/Extension | Destroyed B-75 Beast 23336 | -6/Extension | Lost 8 allies 23514 | -6/Extension | Rescued A7 23659 | -6/Extension | Rescued a captive Derelict 23660 | -6/Extension | Rescued a captive Derelict 23849 | -6/Extension | Discovered exit to Factory (range 10) 23851 | -6/Extension | Discovered new exit (range 6) 23857 | -6/Extension | Disrupted transfer network 23910 | -6/Extension | Entered Cetus 23910 | -6/Cetus | Accompanied by 10 allies (A7) 23911 | -6/Cetus | Loaded intel: 24 machine locations 23915 | -6/Cetus | Acquired a Cetus Manufacturing Module code from A7 23948 | -6/Cetus | Spotted Cetus Guard 23949 | -6/Cetus | Destroyed Cetus Guard 23957 | -6/Cetus | Spotted Cetus Guard 23957 | -6/Cetus | Spotted Cetus Guard 23961 | -6/Cetus | Destroyed Cetus Guard 23961 | -6/Cetus | Spotted Cetus Guard 23967 | -6/Cetus | Destroyed Cetus Guard 23972 | -6/Cetus | Destroyed Cetus Guard 24072 | -6/Cetus | Started Cetus Manufacturing Module 24091 | -6/Cetus | Discovered new exit (range 15) 24097 | -6/Cetus | Manufactured an Enhanced Grunt 24122 | -6/Cetus | Manufactured an Enhanced Grunt 24147 | -6/Cetus | Manufactured an Enhanced Grunt 24162 | -6/Cetus | Build established: Scavenger-Tank 24172 | -6/Cetus | Manufactured an Enhanced Grunt 24197 | -6/Cetus | Manufactured an Enhanced Grunt 24291 | -6/Cetus | Spotted Cetus Guard 24291 | -6/Cetus | Spotted Cetus Guard 24292 | -6/Cetus | Spotted Cetus Guard 24298 | -6/Cetus | Allies destroyed Cetus Guard 24308 | -6/Cetus | Destroyed Cetus Guard 24309 | -6/Cetus | Spotted Cetus Guard 24311 | -6/Cetus | Allies destroyed Cetus Guard 24320 | -6/Cetus | Allies destroyed Cetus Guard 24325 | -6/Cetus | Murdered A7 24328 | -6/Cetus | Extracted ID and sensor layout for unrecognized location from A7's data core 24345 | -6/Cetus | Lost 5 allies 24352 | -6/Cetus | Discovered exit to Factory (range 16) 24378 | -6/Cetus | Met Revision 17 24395 | -6/Cetus | Murdered Revision 17 24520 | -6/Cetus | Entered Archives 24520 | -6/Archives | Accompanied by 8 allies 24521 | -6/Archives | Loaded intel: 8 machine locations 24608 | -6/Archives | Discovered exit to Factory (range 15) 24737 | -6/Archives | System corruption reached 10% 24924 | -6/Archives | Discovered new exit (range 15) 24938 | -6/Archives | Discovered new exit (range 15) 24999 | -6/Archives | Entered Hub_04(d) 24999 | -6/Hub_04(d) | Accompanied by 7 allies 25000 | -6/Hub_04(d) | Loaded intel: 84 machine locations 25033 | -6/Hub_04(d) | Discovered exit to Factory (range 15) 25160 | -6/Hub_04(d) | Network Hub disabled 25165 | -6/Hub_04(d) | Spotted Lightning 25168 | -6/Hub_04(d) | Spotted Lightning 25171 | -6/Hub_04(d) | Spotted Lightning 25177 | -6/Hub_04(d) | Destroyed Lightning 25202 | -6/Hub_04(d) | Destroyed Lightning 25226 | -6/Hub_04(d) | Lost 4 allies 25267 | -6/Hub_04(d) | Destroyed Lightning 25272 | -6/Hub_04(d) | Found Exp. Targeting Computer 25277 | -6/Hub_04(d) | Found Exp. Phase Shifter 25290 | -6/Hub_04(d) | Entered Factory 25290 | -5/Factory | Evolved 2 slots: Power x1, Utility x1 25291 | -5/Factory | Identified exit to Upper Caves 25292 | -5/Factory | Loaded intel: 288 machine locations 25527 | -5/Factory | Fabricated Imp. Heavy Siege Treads? 25592 | -5/Factory | Fabricated Imp. Salvage Targeting Computer? 26465 | -5/Factory | Cargo convoy interrupted 27054 | -5/Factory | Intercept squad dispatched 27083 | -5/Factory | Spotted Tracker 27090 | -5/Factory | Destroyed Tracker 27117 | -5/Factory | Entered Upper Caves 27181 | -5/Upper Caves | Learned location of 1 exit from Proximity Caves 27864 | -5/Upper Caves | Discovered new exit (range 13) 27921 | -5/Upper Caves | Entered another Upper Caves area 28170 | -5/Upper Caves | Identified exit to Warlord 28362 | -5/Upper Caves | Spotted B-75 Beast 28402 | -5/Upper Caves | Destroyed B-75 Beast 28486 | -5/Upper Caves | Entered Warlord 28487 | -5/Warlord | Identified exit to Proximity Caves 28548 | -5/Warlord | System corruption cleaned by Quarantine Array 28806 | -5/Warlord | Found Prototype Device 28806 | -5/Warlord | Identified Exp. Focal Shield 28817 | -5/Warlord | Found Prototype Hackware 28817 | -5/Warlord | Identified System Mapper 28830 | -5/Warlord | Found Vortex Chain Reactor 28936 | -5/Warlord | Met Warlord 28961 | -5/Warlord | Warlord's base attacked by MAIN.C 29239 | -5/Warlord | Lost 4 allies 29256 | -5/Warlord | Warlord forces counterattacked 29293 | -5/Warlord | Spotted Executioner 29310 | -5/Warlord | Allies destroyed Executioner 29338 | -5/Warlord | Lost 3 allies 29388 | -5/Warlord | P-70 Sage assimilated allied F0-7RX(g) 29431 | -5/Warlord | Lost 13 allies 29613 | -5/Warlord | Spotted Executioner 29636 | -5/Warlord | Warlord base infiltrated, sounded retreat 29860 | -5/Warlord | Spotted Striker 29864 | -5/Warlord | Spotted Striker 29864 | -5/Warlord | Spotted B-86 Titan 29864 | -5/Warlord | Spotted Executioner 29875 | -5/Warlord | Destroyed Striker 29889 | -5/Warlord | Destroyed B-86 Titan 29911 | -5/Warlord | Lost 9 allies 29935 | -5/Warlord | Entered Proximity Caves 29936 | -4/Proximity Caves | Identified exit to Factory 30365 | -4/Proximity Caves | Received a Behemoth hack from an annoying Tinkerer 30476 | -4/Proximity Caves | Spotter reported a threat 30629 | -4/Proximity Caves | Spotter reported a threat 30861 | -4/Proximity Caves | Entered Factory 30861 | -4/Factory | Evolved 2 slots: Utility x1, Weapon x1 30862 | -4/Factory | Loaded intel: 272 machine locations 31075 | -4/Factory | Identified exit to Upper Caves 31075 | -4/Factory | Identified exit to Armory 31233 | -4/Factory | Repaired Broken Centrium Heavy Treads 31341 | -4/Factory | Repaired Adv. KE Penetrator 32173 | -4/Factory | Intercept squad dispatched 32183 | -4/Factory | Spotted Tracker 32198 | -4/Factory | Destroyed Tracker 32237 | -4/Factory | Spotted Combat Programmer 32247 | -4/Factory | Destroyed Combat Programmer 32361 | -4/Factory | First assault squad dispatched 32516 | -4/Factory | Entered Armory 32517 | -4/Armory | Met VL-GR5, who suggested a friendly competition 32517 | -4/Armory | Loaded intel: 59 trap records 32519 | -4/Armory | Loaded intel: 95 machine locations 32830 | -4/Armory | Fabricated Adv. Coolant Injector? 32927 | -4/Armory | VL-GR5 left a parting gift on exiting Armory 32964 | -4/Armory | Destroyed 7 combat bots 33355 | -4/Armory | P-70 Sage assimilated allied Archangel 7b 33535 | -4/Armory | Discovered new exit (range 9) 33699 | -4/Armory | Discovered new exit (range 6) 33907 | -4/Armory | Entered Lab 33909 | -4/Lab | Discovered new exit (range 9) 33936 | -4/Lab | Hidden lab's door opened automatically 33936 | -4/Lab | Sensor layout match revealed 33937 | -4/Lab | Gained access to the hidden lab's interior 34040 | -4/Lab | Found Deep Network Scanner 34047 | -4/Lab | Found Prototype Protection 34047 | -4/Lab | Identified Hvy. Regenerative Plating 34161 | -4/Lab | Found Alien Artifact 34161 | -4/Lab | Identified Core Regenerator 34161 | -4/Lab | Used Core Regenerator, restored core integrity (+126) 34172 | -4/Lab | Found Alien Artifact 34172 | -4/Lab | Identified Integrated Mediator 34172 | -4/Lab | Installed Integrated Mediator, increased core attachment efficiency 34230 | -4/Lab | Found Alien Artifact 34351 | -4/Lab | Entered Research 34351 | -3/Research | Evolved 2 slots: Power x1, Utility x1 34352 | -3/Research | Loaded intel: 109 machine locations 34495 | -3/Research | Identified exit to Testing 35170 | -3/Research | Intercept squad dispatched 35214 | -3/Research | Spotted Tracker 35222 | -3/Research | Destroyed Tracker 35222 | -3/Research | Spotted Tracker 35237 | -3/Research | Destroyed Tracker 35255 | -3/Research | Spotted Combat Programmer 35263 | -3/Research | Destroyed Combat Programmer 35314 | -3/Research | Spotted Combat Programmer 35329 | -3/Research | Destroyed Combat Programmer 35426 | -3/Research | Entered Testing 35427 | -3/Testing | Loaded intel: 59 machine locations 35472 | -3/Testing | Garrison activated, responded to threat 35582 | -3/Testing | Garrison activated, responded to threat 35883 | -3/Testing | Identified Transdimensional Reconstructor 35883 | -3/Testing | Warped through subspace 35937 | -3/Testing | Found Prototype Energy Cannon 35937 | -3/Testing | Identified Potential Cannon 36205 | -3/Testing | System corruption reached 10% 36402 | -3/Testing | Discovered new exit (range 11) 36428 | -3/Testing | Entered Research 36428 | -2/Research | Warlord forces began assault on 0b10 36428 | -2/Research | Evolved 2 slots: Utility x1, Weapon x1 36429 | -2/Research | Loaded intel: 112 machine locations 36538 | -2/Research | Research machine network offline 36556 | -2/Research | Repaired Adv. Heavy Siege Treads 36670 | -2/Research | Build established: Scavenger-Executioner 36694 | -2/Research | Met up with Warlord 36808 | -2/Research | Spotted Striker 36813 | -2/Research | Spotted Striker 36818 | -2/Research | Destroyed Striker 36853 | -2/Research | P-80 Master assimilated allied J6-36S(S) 36945 | -2/Research | Spotted Striker 36950 | -2/Research | Destroyed Striker 36960 | -2/Research | Lost 6 allies 36985 | -2/Research | Destroyed 7 combat bots 37038 | -2/Research | Borebot progress halted 37106 | -2/Research | Borebot progress halted 37107 | -2/Research | Discovered new exit (range 9) 37154 | -2/Research | Spotted Executioner 37154 | -2/Research | Spotted Executioner 37168 | -2/Research | Destroyed Executioner 37169 | -2/Research | Borebot progress halted 37172 | -2/Research | Spotted Striker 37180 | -2/Research | Spotted Executioner 37180 | -2/Research | Destroyed Striker 37185 | -2/Research | Spotted Executioner 37200 | -2/Research | Destroyed Executioner 37210 | -2/Research | Destroyed Executioner 37236 | -2/Research | Destroyed Executioner 37249 | -2/Research | Lost 17 parts (2p2n6u7w) 37257 | -2/Research | Destroyed 19 combat bots 37289 | -2/Research | Found Adv. Kinecellerator 37290 | -2/Research | Spotted Striker 37291 | -2/Research | Spotted Striker 37293 | -2/Research | Found Exp. Core Analyzer 37300 | -2/Research | Destroyed Striker 37308 | -2/Research | Destroyed Striker 37335 | -2/Research | Spotted Executioner 37339 | -2/Research | Destroyed 7 combat bots 37340 | -2/Research | Spotted Executioner 37342 | -2/Research | Destroyed Executioner 37360 | -2/Research | Lost 5 parts (2p2u1w) 37385 | -2/Research | Spotted Striker 37387 | -2/Research | Spotted Striker 37390 | -2/Research | Destroyed Striker 37394 | -2/Research | Destroyed Striker 37438 | -2/Research | Spotted Executioner 37439 | -2/Research | Spotted Executioner 37448 | -2/Research | Core integrity fell below 50% 37468 | -2/Research | Self-destructed Last Messages --------------- 37452_ Knocked back. 37454_ Penetrated by Slug. 37456_ Slug penetrates Wall. 37456_ Penetrated by Slug. 37460_ Slug penetrates B-74 Champion. 37460_ Slug penetrates Wall. 37460_ Exp. Targeting Computer destroyed. 37460_ Penetrated by Slug. 37460_ Slug penetrates Wall. 37460_ Penetrated by Slug. 37460_ Slug penetrates Door. 37462_ Force Field destroyed. 37463_ System corrupted: Matter fused (-7). 37463_ Slug penetrates B-74 Champion. 37463_ Penetrated by Slug. 37463_ Helical Railgun destroyed. 37463_ Slug penetrates B-74 Champion. 37464_ Acquired 2 matter. 37466_ Slug penetrates Wall. 37466_ Helical Railgun destroyed. Map ----- +----------------------------------------------------+ | ??????????????"?"????????????????????????????????? | | ??????????????"?"????????????????????????????????? | | ??????????????"?"?"""""??????????????????????????? | | ??????????????"?"?"?"?"??????????????????????????? | | ??????????????"?"?????"??????????????????????????? | | ??????????????"?"????""??????????????"""?????????? | | ??????????????"?"?????"??????????????"""?????????? | | ??????????????"?"????""??????????????"""?????????? | | ??????????????"?"?????"??????????????????????????? | | ?????????????T"?"????""??????????????????????????? | | ??????????????"?"?????"??????????????????????????? | | ??????????????"?"?"?"?"??????????????????????????? | | ??????????????"?"?"""""??????????????????????????? | | ??????"""?????"?"???????????????? ???????????????? | | ??????"""?????"?"??????????????? ????????????? | | ??????"""?????????????????????? ????????????? | | ??????????????"?"?????????????? ??????????? | | ?????????????????????????????## ??????????? | | ????????????????????????????? ??????????? | | ????????????????? ????????? ??????????? | | ???????????????# ?????????;;# ????????????? | | ????"""?????! ]" ?#+######;## """ ?????????? | | ????"""???!! # ## == ; """ ?????????? | | ????"""???" *[[* "# == ; "" ??#???????? | | ????"""???# =[ %%= "# == # " #???????? | | ????"""???# * =[=!"# @ # " #???????? | | ??????????? ==%%!!"#####b;;;## "" #???????? | | ???????????? [=[*% # ??????? | | ?????????????#" !]% "##?????? | | ??????????????#" ?????? | | ??????????????## g ????? | | ???????????????# =* ?????? | | ???????????????# !!""##[;;;h=;;## ??????? | | ??????????????## !%==%*==%*=%;#???#????????? | | ??????????????# " [%%==*!![=h[+ + ?????? | | ??????????????+ "[= =%=*%%]%[%[%###????????????? | | ######????????# =" %=%]=!!==*%=##?????????????? | | #????????####! !=!%!%*!==" *;#?????????????? | | = #????????# " ![[ %! != # ##?????????????? | | #????######" "! != "" #### #??????????????? | | #????# # # ==" "#???####??????????????? | | #????# "#" # ## #??????????????????? | | ??#### < "%" # # #??????????????????? | | ##+#####""" """"""### # #??????????????????? | | ""#"""#??## #??????????????????? | | "###" ##"" | #? #??????????????????? | | ### # ###" #? #??????????????????? | | ## ## ? + #? #??????????????????? | | #"??#+##"###"""###???# ??????????????????? | | ???? ??? " ????????????????????????? | +----------------------------------------------------+ Best States ------------- Heat Dissipation 80 Coolant Potential 100 Energy Generation 89 Energy Capacity 1550 Matter Stores 300 Matter Capacity 300 Sight Range 16 Robot Scan Range 18 Terrain Scan Density 10 Power Amplification 20 Armor Coverage 1200 Core Shielding 20 Weapon Shielding 66 Weapon Cycling 15 Evasion (%) 50 Targeting Accuracy 12 Core Analysis 8 Recoil Reduction 4 Matter Filtering 30 Kinecelleration 50 Salvage Targeting 4 Offensive Hacking 25 Defensive Hacking 20 Item Schematics ----------------- Adv. Targeting Computer | -9/Materials | Scanalyzed Hacking Suite | -9/Materials | Scanalyzed Seismic Detector | -7/Factory | Hacked Enh. Autogun | -7/Factory | Hacked Coil Gun | -6/Factory | Hacked Core Analyzer | -6/Factory | Hacked Imp. Salvage Targeting Computer | -5/Factory | Hacked Adv. Coolant Injector | -4/Factory | Hacked Robot Schematics ------------------ None Fabricated ------------ Adv. Targeting Computer | x2 | -7/Factory Imp. Heavy Siege Treads | x1 | -5/Factory | Preloaded Imp. Salvage Targeting Computer | x2 | -5/Factory Adv. Coolant Injector | x2 | -4/Armory Repaired ---------- Shotgun | 60% | -9/Materials Shield Generator | 70% | -8/Materials Gauss Rifle | 71% | -8/Materials Shield Generator | 66% | -8/Materials Minigun | 1% | -8/Materials Centrium Heavy Treads | 25% | -4/Factory | Broken Adv. KE Penetrator | 37% | -4/Factory Adv. Heavy Siege Treads | 39% | -2/Research Alien Tech Used ----------------- Core Regenerator Integrated Mediator Transdimensional Reconstructor Achievements -------------- None Challenges ------------ None Game ------ Seed HelicalJammingProjector Manual? 0 Play Time 04:04:26 Cumulative 2155.0 hours Start 2025.05.07 @ 22:51:31 End 2025.05.08 @ 22:56:54 Sessions 5 Manual Loads 0 Difficulty Rogue Special Mode None Game No. 723 Rogue 723 Adventurer 0 Explorer 0 Win Type - Total 161 Types 31/15/65/7/1/2/38/1/1/0 Lore% 96 Gallery% 94 Achievement% 88 Wizard Run 0 Options --------- Layout 0 ASCII 0 Keyboard 0 Movement Numpad Keybinds 0 Fullscreen 2 Font 24/Smallcaps Map View 76x50 Zoom Use 0% Tactical HUD 1 Map Filters NONE Filters NONE Steam 1 RUN: 52b83d83-f867-4c29-a207-95f45b94a020